 Dungeon Crawl Stone Soup version 0.29-a0-97-g88c9fad16d (webtiles) character file.

Game seed: 12282331769041229212

25 drugrobin the Poker (level 2, 0/24 HPs)
             Began as a Demigod Warper on Feb 13, 2022.
             Succumbed to an adder's poison
             ... on level 1 of the Dungeon.
             The game lasted 00:01:59 (1134 turns).

drugrobin the Poker (Demigod Warper)                Turns: 1134, Time: 00:02:00

Health: 0/24       AC:  7    Str: 12    XL:     2   Next: 66%
Magic:  7/7        EV:  9    Int: 15    God:
Gold:   39         SH:  0    Dex: 13    Spells: 2/4 levels left

rFire   . . .      SeeInvis .   a - +0 spear
rCold   . . .      Faith    .   (no shield)
rNeg    . . .      Spirit   .   j - +0 scale mail
rPois   .          Reflect  .   (no helmet)
rElec   .          Harm     .   (no cloak)
rCorr   .          Rampage  .   (no gloves)
Will    .....                   e - +0 pair of boots
Stlth   ..........              (no amulet)
HPRegen 0.08/turn               (no ring)
MPRegen 0.10/turn               (no ring)

@: lethally poisoned (0 -> -7)
A: high MP 1, forlorn, divine attributes
a: no special abilities


You were on level 1 of the Dungeon.
You visited 1 branch of the dungeon, and saw 2 of its levels.

You collected 39 gold pieces.

Inventory:

Hand Weapons
 a - a +0 spear (weapon)
Missiles
 d - 5 boomerangs of dispersal
 f - 28 sling bullets
 g - 4 stones (quivered)
Armour
 b - a +0 leather armour
 e - a +0 pair of boots (worn)
 j - a +0 scale mail (worn)
Jewellery
 i - a ring of poison resistance
Scrolls
 c - a scroll of blinking
 h - a scroll of vulnerability {unknown}
 k - a scroll of magic mapping {unknown}


   Skills:
 - Level 1.8 Fighting
 + Level 3.1 Polearms
 - Level 0.8 Throwing
 - Level 0.8 Armour
 - Level 1.7 Dodging
 - Level 1.7 Spellcasting
 - Level 2.6 Translocations


You had 2 spell levels left.
You knew the following spells:

 Your Spells              Type           Power      Damage    Failure   Level
a - Blink                 Tloc           18%        N/A       52%         2

Your spell library contained the following spells:

 Spells                   Type           Power      Damage    Failure   Level
 Gell's Gravitas          Tloc           9%         N/A       77%         3
 Lesser Beckoning         Tloc           9%         N/A       77%         3
 Teleport Other           Tloc           9%         N/A       77%         3
 Manifold Assault         Tloc           9%         N/A       100%        5
 Dispersal                Tloc           4%         N/A       100%        6


Dungeon Overview and Level Annotations

Branches:
Dungeon (2/15)


Innate Abilities, Weirdness & Mutations

You have an increased reservoir of magic. (+10% MP)
You shall have no god before yourself.
Your divine heritage dramatically boosts your attributes as you level up.


Message History

You closely miss the adder.
The adder is heavily wounded.
You feel sick. The adder bites you but does no damage.
Unknown command.
You closely miss the adder.
The adder is heavily wounded.
You feel sick. The adder bites you.
Unknown command.
You hit the adder but do no damage.
The adder is heavily wounded.
You feel sick. The adder barely misses you.
Unknown command.
You miss the adder.
The adder is heavily wounded.
You feel sick. The adder bites you but does no damage.
The adder closely misses you.
Unknown command.
You closely miss the adder.
The adder is heavily wounded.
You feel sick.
You are no longer poisoned.
The adder bites you.
* * * LOW HITPOINT WARNING * * *
Unknown command.
You hit the adder.
The adder is severely wounded.
The adder bites you but does no damage.
Unknown command.
You aren't carrying any potions.
You barely miss the adder.
The adder is severely wounded.
The adder bites you.
* * * LOW HITPOINT WARNING * * *
You are lethally poisoned!
The adder poisons you!
Unknown command.
Unknown command.
You miss the adder.
The adder is severely wounded.
You die...

####.## #......##...###..#.##
############..#....##...##
#.........##.###.<.###..# #
#..P...bPP #.>##...>##..## #
#############...##..####..# #
#...........#...##....###.#
####..#######..###.#.###.....#
#.....# #.####...###.....#
.###### #...@S>.........#####
.# ########.#####....... ##
#.......###### ...# #######.#
.P.# #.# ..P# ########### #.#
###### #.........# #.#
.....####.#######.# #.#
####....#.#.....#.###### #.#


You could see an adder.

Vanquished Creatures
  A gnoll (D:1)
  2 endoplasms (D:1)
  3 goblins (D:1)
  2 hobgoblins (D:1)
  3 ball pythons (D:1)
  A frilled lizard (D:1)
  A kobold (D:1)
  4 rats (D:1)
17 creatures vanquished.

Notes
Turn   | Place    | Note
-------+----------+-------------------------------------------
     0 | D:1      | drugrobin the Demigod Warper began the quest for the Orb.
     0 | D:1      | Reached XP level 1. HP: 17/17 MP: 5/5
   114 | D:1      | Reached skill level 2 in Polearms
   571 | D:1      | Reached XP level 2. HP: 24/24 MP: 7/7
   695 | D:1      | Learned a level 2 spell: Blink
   825 | D:1      | Reached skill level 3 in Polearms
  1134 | D:1      | Succumbed to an adder's poison

Illustrated notes

Levels and vault maps discovered:
D:1:      dpeg_arrival_long_road, layout_loops_corners, serial_aquarium,
          aquarium_bridge_square [aquarium_subvault_bridge,
          aquarium_subvault_wall, aquarium_subvault_bridge,
          aquarium_subvault_bridge], aquarium_bridge_straight
          [aquarium_subvault_bridge, aquarium_subvault_window,
          aquarium_subvault_bridge, aquarium_subvault_balcony],
          aquarium_window_corner, aquarium_window_2, aquarium_window_corner,
          aquarium_window_1, aquarium_view_2f, aquarium_balcony_5a,
          aquarium_pool_2, hangedman_decor_peaks_small
D:2:      cheibrodos_greedy_goblins, layout_loops_corners, minmay_tetromino_o2

Skill      XL: |  1  2 |
---------------+-------+-----
Polearms       | 2 3 |  3.1
Fighting       | |  1.8
Throwing       | |  0.8
Armour         | |  0.8
Dodging        | |  1.7
Spellcasting   | |  1.7
Translocations | |  2.6

Action                   || total
-------------------------++-------
Melee: Spear             ||    68
Throw: Stone             ||    14
Armor: Leather armour    ||     6
       Scale mail        ||    15
Dodge: Dodged            ||    20

Table legend: (Time is in decaauts)
 A = Elapsed time spent in this place.
 B = Non-inter-level travel time spent in this place.
 C = Inter-level travel time spent in this place.
 D = Time resting spent in this place.
 E = Time spent auto-exploring this place.
 F = Levels seen in this place.
 G = Mean time per level.
                   A        B        C        D        E       F      G
               +--------+--------+--------+--------+--------+-----+--------+
         Total |   1133 |   1114 |     19 |      0 |    906 |   2 |  566.5 |
       Dungeon |   1133 |   1114 |     19 |      0 |    906 |   2 |  566.5 |
               +--------+--------+--------+--------+--------+-----+--------+

Top non-repeatable levels by time:
     D:1: 1132 daAuts
     D:2: 1 daAuts
